 Dungeon Crawl Stone Soup version 0.30-a0-800-g7c544603b3 (webtiles) character file.

Game seed: 2935579687141190097

4721 Darius099 the Severer (level 10, -2/78 HPs)
             Began as a Minotaur Fighter on Feb 22, 2023.
             Was a Priest of Okawaru.
             Asphyxiated
             ... on level 8 of the Dungeon.
             The game lasted 00:19:20 (6831 turns).

Darius099 the Severer (Minotaur Fighter)            Turns: 6831, Time: 00:19:21

Health: -2/78      AC: 32    Str: 32    XL:     10   Next: 22%
Magic:  9/9        EV:  8    Int:  5    God:    Okawaru [***...]
Gold:   553        SH:  4    Dex:  9    Spells: 9/9 levels left

rFire   . . .      SeeInvis .    a - +0 war axe
rCold   . . .      Faith    +    c - +0 buckler
rNeg    . . .      Spirit   .    K - +18 Lear's hauberk
rPois   .          Reflect  .    (helmet currently unavailable)
rElec   .          Harm     .    F - +0 cloak
rCorr   .          Rampage  .    (gloves currently unavailable)
Will    .....                    (boots currently unavailable) Stlth
                                 m - amulet of faith
HPRegen 0.33/turn                H - +4 ring of protection
MPRegen 0.11/turn                A - +6 ring of strength

@: lethally poisoned (-2 -> -13), slowed, very slow
A: horns 2, retaliatory headbutt
a: Renounce Religion, Heroism


You were on level 8 of the Dungeon.
You worshipped Okawaru.
Okawaru was most pleased with you.
You visited 2 branches of the dungeon, and saw 9 of its levels.
You also visited: Sewer and Ossuary.

You collected 553 gold pieces.

Inventory:

Hand Weapons
 a - a +0 war axe (weapon)
Missiles
 b - 10 boomerangs (quivered)
 n - 21 poisoned darts
 t - 49 stones
 G - a throwing net
Armour
 c - a +0 buckler (worn)
 g - a +0 plate armour
 z - a +0 pair of gloves
 F - a +0 cloak (worn)
 K - the +18 Lear's hauberk (worn)
   (You found it on level 8 of the Dungeon)
Jewellery
 m - an amulet of faith (around neck)
 A - a +6 ring of strength (right hand)
 C - a ring of poison resistance
 H - a +4 ring of protection (left hand)
 I - a ring of fire
Wands
 v - a wand of polymorph (13)
 E - a wand of flame (45)
 J - a wand of mindburst (6)
Scrolls
 e - 3 scrolls of noise {unknown}
 f - a scroll of acquirement {unknown}
 h - 4 scrolls of identify {unknown}
 k - 4 scrolls of magic mapping {unknown}
 l - 4 scrolls of teleportation {unknown}
 q - 3 scrolls of amnesia {unknown}
 r - 2 scrolls of fear {unknown}
 s - 2 scrolls of vulnerability {unknown}
 x - 2 scrolls of immolation {unknown}
 y - 3 scrolls of butterflies {unknown}
 P - a scroll of enchant weapon {unknown}
Potions
 d - 4 potions of might
 i - 2 potions of ambrosia {unknown}
 j - 5 potions of heal wounds {unknown}
 o - 2 potions of experience {unknown}
 p - 5 potions of curing
 u - 2 potions of degeneration {unknown}
 w - 4 potions of flight {unknown}
 B - a potion of mutation {unknown}
 D - 3 potions of brilliance {unknown}
 L - a potion of cancellation {unknown}
 M - a potion of magic {unknown}
 N - 3 potions of attraction {unknown}
 O - a potion of resistance {unknown}


   Skills:
 - Level 3.8 Fighting
 + Level 17.4 Axes
 - Level 3.8 Armour
 - Level 3.8 Shields


You had 9 spell levels left.
You didn't know any spells.
Your spell library contained the following spells:

 Spells                   Type           Power      Damage    Failure   Level
 Sandblast                Erth           0%         2d4       97%         1
 Blink                    Tloc           0%         N/A       99%         2
 Passwall                 Tmut/Erth      0%         N/A       99%         2
 Ignite Poison            Fire/Tmut/Pois 0%         N/A       100%        3
 Kindle Blastsparks       Fire/Tloc/Air  0%         2d10      100%        3
 Portal Projectile        Hex/Tloc       0%         N/A       100%        3
 Stone Arrow              Conj/Erth      0%         3d7       100%        3
 Leda's Liquefaction      Hex/Erth       0%         N/A       100%        4
 Manifold Assault         Tloc           0%         N/A       100%        4
 Alistair's Intoxication  Tmut/Pois      0%         N/A       100%        5
 Borgnjor's Vile Clutch   Necr/Erth      0%         N/A       100%        5
 Freezing Cloud           Conj/Ice/Air   0%         6-21      100%        5
 Storm Form               Tmut/Air       0%         N/A       100%        7
 Discord                  Hex            0%         N/A       100%        8
 Call Canine Familiar     Summ           Unusable   N/A       N/A         3
 Summon Guardian Golem    Hex/Summ       Unusable   N/A       N/A         3
 Animate Dead             Necr           Unusable   N/A       N/A         4
 Death Channel            Necr           Unusable   N/A       N/A         6

Dungeon Overview and Level Annotations

Branches:
Dungeon (8/15)             Temple (1/1) D:7           Sewer (visited)
Ossuary (visited)
   Lair: D:8-11

Altars:
Ashenzari
Cheibriados
Dithmenos
Elyvilon
Fedhas
Gozag
Hepliaklqana
Kikubaaqudgha
Makhleb
Nemelex Xobeh
Okawaru
Qazlal
Ru
Sif Muna
Trog
Uskayaw
Vehumet
Wu Jian
Xom
Yredelemnul
Zin
The Shining One

Shops:
D:7 *


Innate Abilities, Weirdness & Mutations

You have a pair of horns on your head.
You reflexively headbutt those who attack you in melee.


Message History

The curare-tipped dart hits you.
You are poisoned.
You have difficulty breathing.
* * * LOW HITPOINT WARNING * * *
You feel as though you will be slow longer.
The gnoll barely misses you. You furiously retaliate!
You headbutt the gnoll. You barely miss the gnoll.
The gnoll is severely wounded.
You hit the kobold.
You kill the kobold!
Okawaru accepts your kill.
* * * LOW HITPOINT WARNING * * *
You feel very sick.
The gnoll hits you from afar with a +0 spear.
* * * LOW HITPOINT WARNING * * *
The gnoll hits you but does no damage. The gnoll closely misses you.
You feel better. You block the gnoll bouda's attack.
The gnoll hits you but does no damage. x2
The gnoll bouda hits you with a +0 club.
* * * LOW HITPOINT WARNING * * *
You slash the gnoll!
You kill the gnoll!
Okawaru accepts your kill.
You closely miss the gnoll bouda. The gnoll hits you but does no damage.
The gnoll bouda hits you but does no damage.
You slash the gnoll bouda!
The gnoll bouda is severely wounded.
The gnoll hits you from afar with a +0 spear.
* * * LOW HITPOINT WARNING * * *
The gnoll bouda prays to its god.
The gnoll bouda is healed somewhat.
You slash the gnoll bouda!
You kill the gnoll bouda!
Okawaru accepts your kill. You block the gnoll's attack.
The kobold brigand throws a curare-tipped dart.
The curare-tipped dart hits you.
You are lethally poisoned!
You have difficulty breathing.
You die...

#.# #)# #.# #.# ##
#.# #)# ####.. #.#
#.# ...... ..##
#.###.# #.#.>..
.... #.....#
##....... ....
####..# #........
..##
##...#####........
#.###...@)K.......
#.# #...)#g.......
#.###.####........
##...## ##.......
.#### #####
#.#.... .....
.##### .#### .# .#
.####


You could see a kobold brigand and a gnoll (swift).

Vanquished Creatures
  Erica (D:8)
  The ghost of benadryl the Skirmisher, a novice KoHu of Hepliaklqana (D:7)
  Pikel (D:5)
  A hornet (D:8)
  Sigmund (D:2)
  A wyvern (D:7)
  4 water moccasins
  Duvessa (D:5)
  A sky beast (D:6)
  A black bear (D:6)
  4 lemures (D:5)
  A kobold brigand (D:8)
  A phantom (D:5)
  3 bullfrogs
  2 necrophages
  2 scorpions
  Dowan (D:5)
  9 killer bees (D:7)
  2 howler monkeys
  3 gnoll boudas
  3 hounds
  2 jellies
  Crazy Yiuf (D:5)
  An orc priest (D:8)
  Ijyb (D:3)
  2 iguanas
  2 orc wizards (D:8)
  8 mummies (Ossuary)
  12 gnolls
  11 adders
  A shadow imp (D:6)
  An ufetubus (D:6)
  2 worms
  10 orcs
  13 ball pythons
  7 endoplasms
  4 giant cockroaches
  9 goblins
  10 hobgoblins
  3 jackals (D:1)
  2 quokkas
  12 bats
  5 frilled lizards
  4 hobgoblin zombies (Ossuary)
  13 kobolds
  2 kobold zombies (Ossuary)
  2 orc zombies (Ossuary)
  6 rats
190 creatures vanquished.

Notes
Turn   | Place    | Note
-------+----------+-------------------------------------------
     0 | D:1      | Darius099 the Minotaur Fighter began the quest for the Orb.
     0 | D:1      | Reached XP level 1. HP: 19/19 MP: 0/0
   109 | D:1      | Reached XP level 2. HP: 27/27 MP: 1/1
   118 | D:1      | Found a faded altar of an unknown god.
   146 | D:1      | Reached skill level 3 in Axes
   309 | D:1      | Reached XP level 3. HP: 33/33 MP: 2/2
   381 | D:1      | Reached skill level 4 in Axes
   739 | D:2      | Found a shimmering altar of Xom.
  1107 | D:2      | Noticed Sigmund
  1110 | D:2      | Reached XP level 4. HP: 32/40 MP: 3/3
  1114 | D:2      | Killed Sigmund
  1115 | D:2      | Reached skill level 7 in Axes
  1115 | D:2      | Reached XP level 5. HP: 37/46 MP: 4/4
  1634 | D:3      | Reached XP level 6. HP: 47/52 MP: 5/5
  1724 | D:3      | Noticed Ijyb
  1738 | D:3      | Killed Ijyb
  2290 | D:4      | Reached skill level 8 in Axes
  2337 | D:4      | Found a shimmering altar of Xom.
  2501 | D:4      | Got Sif Muna's Papyrus of Transmogrification and Glamour
  2733 | D:4      | Found a glowing drain.
  2748 | Sewer    | Entered a sewer
  2775 | Sewer    | Noticed a water moccasin
  2780 | Sewer    | Killed a water moccasin
  2781 | Sewer    | Reached skill level 9 in Axes
  2781 | Sewer    | Reached XP level 7. HP: 58/58 MP: 6/6
  2927 | D:5      | Entered Level 5 of the Dungeon
  3045 | D:5      | Noticed Pikel
  3058 | D:5      | Killed Pikel
  3059 | D:5      | Reached skill level 11 in Axes
  3059 | D:5      | Reached XP level 8. HP: 46/66 MP: 7/7
  3292 | D:5      | Noticed Duvessa
  3293 | D:5      | Noticed Dowan
  3311 | D:5      | Killed Duvessa
  3316 | D:5      | Killed Dowan
  3431 | D:5      | Reached skill level 12 in Axes
  3576 | D:5      | Found a runed translucent door.
  3577 | D:5      | Noticed Crazy Yiuf
  3865 | D:5      | Killed Crazy Yiuf
  4015 | D:6      | Reached skill level 13 in Axes
  4130 | D:6      | Found a glowing golden altar of the Shining One.
  4133 | D:6      | Found a burning altar of Makhleb.
  4136 | D:6      | Found a snail-covered altar of Cheibriados.
  4137 | D:6      | Found an opulent altar of Gozag.
  4441 | D:6      | Reached XP level 9. HP: 71/71 MP: 8/8
  4810 | D:7      | Reached skill level 14 in Axes
  4989 | D:7      | Noticed benadryl's ghost (novice KoHu)
  4993 | D:7      | Found a runed translucent door.
  5395 | D:7      | Found a staircase to the Ecumenical Temple.
  5407 | Temple   | Entered the Ecumenical Temple
  5413 | Temple   | Became a worshipper of Warmaster Okawaru
  5470 | D:7      | Reached skill level 15 in Axes
  5555 | D:7      | Found Feconeza's Gadget Gallery.
  5845 | D:7      | Killed benadryl's ghost
  5845 | D:7      | Reached * piety under Okawaru
  5846 | D:7      | Reached skill level 16 in Axes
  6174 | D:8      | Noticed Erica
  6197 | D:8      | HP: 5/106 [something (6)]
  6197 | D:8      | HP: 2/106 [something (3)]
  6198 | D:8      | Killed Erica
  6198 | D:8      | Reached ** piety under Okawaru
  6199 | D:8      | Reached skill level 17 in Axes
  6199 | D:8      | Reached XP level 10. HP: 2/78 MP: 9/9
  6309 | D:8      | Found the +18 Lear's hauberk
  6404 | D:8      | Found a sand-covered staircase.
  6408 | Ossuary  | Entered an ossuary
  6761 | D:8      | Reached *** piety under Okawaru
  6831 | D:8      | Asphyxiated

Illustrated notes

Levels and vault maps discovered:
D:1:      sevenhm_arrival_forest_fort_small_6, layout_rooms,
          shapermc_ecumenical_altar_venn, serial_bayou_ford_a
D:2:      layout_basic, basic_altar, hangedman_decor_clover_reticule,
          corexii_shack, uniq_sigmund
D:3:      layout_basic, uniq_ijyb
D:4:      layout_loops_cross, mainiacjoe_overflow_concentric_impassable,
          portal_sewer_entry_d
D:5:      layout_loops_cross, uniq_pikel, uniq_duvessa, uniq_crazy_yiuf_cottage
D:6:      layout_basic, minitemple
D:7:      layout_loops_ring, temple_pool_b, hellmonk_ghost_happy_afterlife,
          nicolae_shop_gadgets
D:8:      layout_loops_ring, lightli_ossuary_entry_decrepit_ruins,
          nrook_campfire, uniq_erica
Temple:   sentei_temple_godly_chess

Skill      XL: |  1  2  3  4  5  6  7  8  9 |
---------------+----------------------------+-----
Axes           | 3 4 7 9 11 13 17 | 17.4
Fighting       | |  3.8
Armour         | |  3.8
Shields        | |  3.8

Action                     |  1- 3 |  4- 6 |  7- 9 | 10-12 || total
---------------------------+-------+-------+-------+-------++-------
  Melee: War axe           |    80 |   129 |   298 |    51 ||   558
         Headbutt          |     8 |    17 |    42 |     7 ||    74
         Unarmed           |       |     8 |       |       ||     8
    Use: Potion            |       |       |     1 |     2 ||     3
 Armour: Chain mail        |    15 |       |       |    30 ||    45
         Plate armour      |    35 |    75 |   148 |       ||   258
  Dodge: Dodged            |    29 |    44 |    80 |    12 ||   165
  Block: Buckler           |    20 |    26 |    51 |    10 ||   107

Table legend: (Time is in decaauts)
 A = Elapsed time spent in this place.
 B = Non-inter-level travel time spent in this place.
 C = Inter-level travel time spent in this place.
 D = Time resting spent in this place.
 E = Time spent auto-exploring this place.
 F = Levels seen in this place.
 G = Mean time per level.
                   A        B        C        D        E       F      G
               +--------+--------+--------+--------+--------+-----+--------+
         Total |   6861 |   6680 |    181 |    951 |   3398 |  11 |  623.7 |
       Dungeon |   6599 |   6418 |    181 |    951 |   3283 |   8 |  824.9 |
        Temple |      9 |      9 |      0 |      0 |      2 |   1 |    9.0 |
         Sewer |     73 |     73 |      0 |      0 |      3 |   1 |   73.0 |
       Ossuary |    178 |    178 |      0 |      0 |    110 |   1 |  178.0 |
               +--------+--------+--------+--------+--------+-----+--------+

Top non-repeatable levels by time:
     D:7: 1068 daAuts
     D:5: 1054 daAuts
     D:2: 927 daAuts
     D:6: 804 daAuts
     D:8: 748 daAuts
     D:3: 681 daAuts
     D:1: 659 daAuts
     D:4: 654 daAuts
 Ossuary: 178 daAuts
   Sewer: 73 daAuts
  Temple: 9 daAuts
